 Dungeon Crawl Stone Soup version 0.30-a0-459-g9104f0fc43 (webtiles) character file.

Game seed: 1804181898965185191

273 p00ps00p the Trooper (level 6, -1/56 HPs)
             Began as a Hill Orc Fighter on Dec 16, 2022.
             Slain by Menkaure (10 damage)
             ... on level 4 of the Dungeon.
             The game lasted 00:04:27 (3348 turns).

p00ps00p the Trooper (Hill Orc Fighter)             Turns: 3348, Time: 00:04:28

Health: -1/56      AC:  9    Str: 21    XL:     6   Next: 24%
Magic:  6/6        EV:  9    Int:  8    God:
Gold:   117        SH:  4    Dex: 10    Spells: 5/5 levels left

rFire   . . .      SeeInvis .    a - +0 war axe (freeze)
rCold   . . .      Faith    .    c - +0 buckler
rNeg    . . .      Spirit   .    b - +0 scale mail
rPois   .          Reflect  .    g - +0 helmet
rElec   .          Harm     .    (no cloak)
rCorr   .          Rampage  .    (no gloves)
Will    .....                    h - +0 pair of boots
Stlth   ..........               (no amulet)
HPRegen 0.29/turn                (no ring)
MPRegen 0.10/turn                (no ring)

@: no status effects
A: no striking features
a: no special abilities


You were on level 4 of the Dungeon.
You visited 1 branch of the dungeon, and saw 4 of its levels.
You also visited: Sewer.

You collected 117 gold pieces.

Inventory:

Hand Weapons
 a - a +0 war axe of freezing (weapon)
Armour
 b - a +0 scale mail (worn)
 c - a +0 buckler (worn)
 g - a +0 helmet (worn)
 h - a +0 pair of boots (worn)
Potions
 d - a potion of might
 e - a potion of flight


   Skills:
 + Level 5.1 Fighting
 + Level 4.7 Axes
 + Level 4.6 Armour
 + Level 4.7 Shields


You had 5 spell levels left.
You didn't know any spells.
Your spell library contained the following spells:

 Spells                   Type           Power      Damage    Failure   Level
 Summon Lightning Spire   Summ/Air       0%         N/A       100%        4
 Storm Form               Tmut/Air       0%         N/A       100%        7
 Maxwell's Capacitive Co  Air            0%         ∞         100%        8


Dungeon Overview and Level Annotations

Branches:
Dungeon (3/15)              Sewer (visited)

Altars:

Shops:
D:1 ?

Annotations:
D:4 Ijyb, Menkaure


Message History

The orc priest shouts, "Surrender to Beogh and we'll let you live!"
The orc priest hits you with a +0 flail!
Ijyb hits you with a +0 club.
Unknown command.
The orc priest shouts, "Surrender to Beogh and we'll let you live!"
You hit the orc priest.
The orc priest is heavily wounded.
The orc priest hits you with a +0 flail!
Ijyb hits you with a +0 club.
Unknown command.
You are too injured to fight recklessly!
Unknown command.
You feel better.
The orc priest hits you with a +0 flail.
Ijyb hits you with a +0 club!
Blink to where?
Press: ? - help, Q - select action, (/) - cycle Dir - move target
As you read the scroll of blinking, it crumbles to dust.
Found a whip.
An orc comes into view. It is wielding a +0 mace.
The orc shouts!
A quokka comes into view.
Your transformation is almost over.
You see here a +0 whip.
Menkaure, Prince of Dust comes into view.
Menkaure shouts!
You hit Menkaure but do no damage. You hit Menkaure but do no damage.
Menkaure hits you!
* * * LOW HITPOINT WARNING * * *
You hit Menkaure.
Menkaure is lightly damaged.
You feel less porcine.
Your +0 war axe of freezing unmelds from your body.
Your +0 helmet unmelds from your body.
Your +0 pair of boots unmelds from your body.
Your +0 buckler unmelds from your body.
Your +0 scale mail unmelds from your body.
Your +0 war axe of freezing glows with a cold blue light!
Menkaure hits you!
You die...

#.####...
###.....o#
#.)...####
#.##### #.#
#.# #.#
#.#########
#..@M......
#####......
..... ....
... ##


You could see Menkaure.

Vanquished Creatures
  A bullfrog (Sewer)
  Robin (D:3)
  9 adders
  A river rat (D:4)
  4 worms
  A dart slug (D:1)
  An orc (D:4)
  6 ball pythons (Sewer)
  7 endoplasms
  5 giant cockroaches
  13 goblins
  5 hobgoblins
  5 jackals (D:2)
  9 kobolds
  4 quokkas
  2 bats
  15 frilled lizards
  11 rats
100 creatures vanquished.

Notes
Turn   | Place    | Note
-------+----------+-------------------------------------------
     0 | D:1      | p00ps00p the Hill Orc Fighter began the quest for the Orb.
     0 | D:1      | Reached XP level 1. HP: 19/19 MP: 1/1
   111 | D:1      | Reached XP level 2. HP: 27/27 MP: 2/2
   134 | D:1      | Found Mepsi's Magic Scroll Shoppe.
   255 | D:1      | Found a faded altar of an unknown god.
   483 | D:1      | Reached skill level 4 in Fighting
   563 | D:1      | Reached XP level 3. HP: 9/33 MP: 3/3
  1914 | D:2      | Reached XP level 4. HP: 41/41 MP: 4/4
  2522 | D:3      | Noticed Robin
  2536 | D:3      | Reached XP level 5. HP: 26/47 MP: 5/5
  2543 | D:3      | Killed Robin
  2644 | D:3      | You fall into a shaft and drop 1 floor!
  2718 | D:4      | Found a glowing drain.
  2722 | Sewer    | Entered a sewer
  2958 | Sewer    | Reached skill level 5 in Fighting
  2958 | Sewer    | Reached XP level 6. HP: 46/56 MP: 6/6
  3319 | D:4      | Noticed Ijyb
  3342 | D:4      | Noticed Menkaure
  3348 | D:4      | Slain by Menkaure

Illustrated notes

Levels and vault maps discovered:
D:1:      evilmike_arrival_hilbert_curve, layout_basic,
          hellmonk_ecumenical_altar_inner_sanctum, serial_shops,
          nicolae_shop_crystal
D:2:      layout_basic
D:3:      layout_basic, grunt_temple_overflow_opulence, uniq_robin
D:4:      minmay_evil_eye, layout_basic, gup_sewer_entry_spiral,
          nicolae_eternal_life, uniq_ijyb, uniq_menkaure

Skill      XL: |  1  2  3  4  5 |
---------------+----------------+-----
Axes           | 3 4 |  4.7
Fighting       | 4 5 |  5.1
Shields        | 4 |  4.7
Armour         | 4 |  4.6

Action                   |  1- 3 |  4- 6 || total
-------------------------+-------+-------++-------
Melee: War axe           |    79 |   148 ||   227
       Unarmed           |       |     9 ||     9
  Use: Scroll            |       |     9 ||     9
       Potion            |       |     1 ||     1
Armor: Scale mail        |    31 |    78 ||   109
Dodge: Dodged            |    38 |   105 ||   143
Block: Buckler           |    13 |    39 ||    52

Table legend: (Time is in decaauts)
 A = Elapsed time spent in this place.
 B = Non-inter-level travel time spent in this place.
 C = Inter-level travel time spent in this place.
 D = Time resting spent in this place.
 E = Time spent auto-exploring this place.
 F = Levels seen in this place.
 G = Mean time per level.
                   A        B        C        D        E       F      G
               +--------+--------+--------+--------+--------+-----+--------+
         Total |   3547 |   3445 |    102 |    617 |   2096 |   5 |  709.4 |
       Dungeon |   2912 |   2810 |    102 |    617 |   1657 |   4 |  728.0 |
         Sewer |    634 |    634 |      0 |      0 |    438 |   1 |  634.0 |
               +--------+--------+--------+--------+--------+-----+--------+

Top non-repeatable levels by time:
     D:1: 1505 daAuts
     D:2: 923 daAuts
   Sewer: 634 daAuts
     D:3: 266 daAuts
     D:4: 217 daAuts
